 Dungeon Crawl Stone Soup version 0.29-a0-598-gd8304a5bf4 (webtiles) character file.

Game seed: 11307011569901694307

1340 IdlyInterested the Poker (level 8, -2/57 HPs)
             Began as a Demonspawn Gladiator on June 15, 2022.
             Killed from afar by Maggie (25 damage)
             ... with a bolt of acid
             ... on level 7 of the Dungeon.
             The game lasted 00:20:26 (8214 turns).

IdlyInterested the Poker (Demonspawn Gladiator)     Turns: 8214, Time: 00:20:27

Health: -2/57      AC: 14    Str: 14    XL:     8   Next: 35%
Magic:  13/13      EV: 12    Int: 17    God:
Gold:   372        SH:  0    Dex: 16    Spells: 14/14 levels left

rFire   . . .      SeeInvis .   e - +3 trident
rCold   + . .      Faith    .   (no shield)
rNeg    + + +      Spirit   .   f - +1 chain mail {rN+}
rPois   .          Reflect  .   c - +0 helmet
rElec   .          Harm     .   (no cloak)
rCorr   .          Rampage  .   (no gloves)
Will    .....                   p - +0 pair of boots
Stlth   ..........              (no amulet)
HPRegen 0.19/turn               m - +4 ring of evasion
MPRegen 0.26/turn               w - ring of Honiock {rC+ rN++ Int+6}

@: no status effects
A: molten scales 2, spiny 1, magic regeneration
a: no special abilities


You were on level 7 of the Dungeon.
You visited 2 branches of the dungeon, and saw 8 of its levels.

You collected 527 gold pieces.
You spent 155 gold pieces at shops.

Inventory:

Hand Weapons
 e - a +3 trident (weapon)
 A - a +0 halberd
Missiles
 a - 5 javelins
 b - 8 poisoned darts
 d - 3 throwing nets
 i - 2 atropa-tipped darts
 r - 5 boomerangs (quivered)
 u - 2 curare-tipped darts
Armour
 c - a +0 helmet (worn)
 f - a +1 chain mail of positive energy (worn)
 p - a +0 pair of boots (worn)
Jewellery
 m - a +4 ring of evasion (left hand)
 o - a ring of willpower
 w - the ring of Honiock (right hand) {rC+ rN++ Int+6}
   (You acquired it on level 4 of the Dungeon)

   [ring of intelligence]

   Int:       It affects your intelligence (+6).
   rC:        It protects you from cold.
   rN:        It greatly protects you from negative energy.
Wands
 l - a wand of iceblast (12)
 v - a wand of charming (11)
 y - a wand of digging (10)
Scrolls
 h - a scroll of summoning
 j - a scroll of magic mapping
 s - 2 scrolls of enchant weapon
 t - a scroll of enchant armour
 x - 2 scrolls of identify
 B - a scroll of amnesia
Potions
 g - a potion of haste
 k - a potion of curing
 n - 3 potions of cancellation
 q - 2 potions of mutation
 z - a potion of heal wounds


   Skills:
 + Level 2.4 Fighting
 * Level 6.5 Polearms
 - Level 2.0 Throwing
 - Level 2.0 Armour
 - Level 5.0 Dodging
 - Level 2.0 Stealth
 * Level 3.9 Spellcasting
 - Level 2.0 Evocations


You had 14 spell levels left.
You didn't know any spells.
Your spell library contained the following spells:

 Spells                   Type           Power      Damage    Failure   Level
 Magic Dart               Conj           12%        1d3       99%         1
 Sandblast                Erth           6%         2d5       99%         1
 Passwall                 Tmut/Erth      2%         N/A       99%         2
 Searing Ray              Conj           6%         2d4       99%         2
 Sublimation of Blood     Necr           3%         N/A       99%         2
 Wereblood                Tmut           3%         N/A       99%         2
 Conjure Flame            Conj/Fire      3%         6-21      100%        3
 Ignite Poison            Fire/Tmut/Pois 3%         N/A       100%        3
 Stone Arrow              Conj/Erth      6%         3d7       100%        3
 Fulminant Prism          Conj/Hex       1%         3d6       100%        4
 Sticky Flame             Conj/Fire      3%         2d3       100%        4
 Summon Hydra             Summ           1%         N/A       100%        7


Dungeon Overview and Level Annotations

Branches:
Dungeon (7/15)             Temple (1/1) D:6

Altars:
Ashenzari
Cheibriados
Dithmenos
Elyvilon
Fedhas
Gozag
Kikubaaqudgha
Makhleb
Nemelex Xobeh
Okawaru
Qazlal
Ru
Sif Muna
Trog
Uskayaw
Vehumet
Wu Jian
The Shining One

Shops:
D:2 ?   D:4 *!!(

Annotations:
D:7 Maggie


Innate Abilities, Weirdness & Mutations

You are mostly covered in molten scales. (AC +3)
You are partially covered in sharp spines.
You regenerate magic rapidly.


Message History

Aim: Maggie, wielding a +1 glaive of flaming, wearing +0 steam dragon scales and carrying a wand of acid (13) (lightly wounded, mesmerising, very poisoned, slow, 62% to hit)
You throw a throwing net. The throwing net hits Maggie.
Maggie is caught in the net!
Maggie is lightly wounded.
You hit Maggie but do no damage.
Maggie is lightly wounded.
Maggie struggles against the net.
You hit Maggie.
Maggie is lightly wounded.
Maggie zaps a wand.
The bolt of acid misses you.
Maggie struggles against the net.
You strike the helpless Maggie from behind!
You hit Maggie.
Maggie is moderately wounded.
You hit Maggie.
Maggie is moderately wounded.
You catch the helpless Maggie completely off-guard!
You hit Maggie.
Maggie is moderately wounded.
Maggie struggles against the net.
You hit Maggie but do no damage.
Maggie is moderately wounded.
Maggie struggles against the net.
You hit Maggie.
Maggie is heavily wounded.
You hit Maggie but do no damage. You punch Maggie.
Maggie is heavily wounded.
Maggie points at you and mumbles some strange words.
The bolt of fire hits you!!
Maggie struggles against the net.
You hit Maggie but do no damage.
Maggie is heavily wounded.
You catch the helpless Maggie completely off-guard!
You hit Maggie but do no damage.
Maggie is heavily wounded.
Maggie looks more healthy.
You puncture Maggie!
Maggie is severely wounded.
You break out of your daze.
Maggie zaps a wand.
The bolt of acid hits you!!
You die...

##############
##.....##.....##
##..............#
########................
......................[
#...##................
#...##................
#....#................
#(..@@................
.......##..............#
...###. ##...)........##
. .. ...........#... ...
................ ...#
...........##... ....
..........###... .....
........# #... ........#
#...


You could see Maggie (caught, slow).

Vanquished Creatures
  A water moccasin (D:6)
  2 ice beasts (D:5)
  A black bear (D:6)
  A centaur (D:5)
  A bullfrog (D:6)
  A scorpion (D:5)
  3 wights (D:6)
  2 jellies
  2 hounds (D:5)
  Terence (D:2)
  A gnoll shaman (D:5)
  4 iguanas
  15 gnolls
  8 adders
  An ufetubus (D:7)
  3 worms
  4 dart slugs
  6 orcs
  4 ball pythons
  5 bats
  8 endoplasms
  3 giant cockroaches (D:1)
  3 goblins
  2 hobgoblins
  2 jackals (D:2)
  4 quokkas
  3 frilled lizards (D:3)
  5 kobolds (D:1)
  3 rats
99 creatures vanquished.

Notes
Turn   | Place    | Note
-------+----------+-------------------------------------------
     0 | D:1      | IdlyInterested the Demonspawn Gladiator began the quest for
                  | the Orb.
     0 | D:1      | Reached XP level 1. HP: 16/16 MP: 1/1
   270 | D:1      | Reached skill level 3 in Polearms
   382 | D:1      | Gained mutation: You regenerate magic rapidly. [demonic
                  | ancestry]
   382 | D:1      | Reached XP level 2. HP: 14/22 MP: 2/2
   732 | D:1      | Reached skill level 1 in Stealth
   801 | D:1      | Gained mutation: You are partially covered in molten
                  | scales. (AC +2) [demonic ancestry]
   801 | D:1      | Reached XP level 3. HP: 23/27 MP: 3/3
  1590 | D:2      | Noticed Terence
  1624 | D:2      | Killed Terence
  1625 | D:2      | Reached skill level 1 in Spellcasting
  1625 | D:2      | Gained mutation: You are mostly covered in molten scales.
                  | (AC +3) [demonic ancestry]
  1625 | D:2      | Reached XP level 4. HP: 5/33 MP: 5/5
  2288 | D:2      | Found Avvyzam's Magic Scroll Boutique.
  2633 | D:2      | Bought a scroll of enchant weapon for 97 gold pieces
  3542 | D:4      | Found Ecuenuups's Distillery.
  3600 | D:4      | Reached skill level 4 in Polearms
  3600 | D:4      | Reached XP level 5. HP: 20/38 MP: 7/7
  3978 | D:4      | Found Sutrew's Distillery.
  4110 | D:4      | Found Donuuqi's General Store.
  4374 | D:4      | Found Gotwuv's Weapon Boutique.
  4453 | D:4      | Identified a scroll of acquirement
  4453 | D:4      | Acquired the ring of Honiock {rC+ rN++ Int+6}
  4496 | D:4      | Bought a potion of degeneration for 12 gold pieces
  4568 | D:4      | Bought 2 atropa-tipped darts for 14 gold pieces
  4610 | D:5      | Entered Level 5 of the Dungeon
  4650 | D:5      | Noticed an ice beast
  4663 | D:5      | Killed an ice beast
  4664 | D:5      | Reached skill level 1 in Evocations
  4664 | D:5      | Reached XP level 6. HP: 44/44 MP: 7/9
  4979 | D:5      | Reached skill level 5 in Polearms
  4979 | D:5      | Reached XP level 7. HP: 10/50 MP: 10/10
  5828 | D:5      | Reached skill level 1 in Armour
  6488 | D:4      | Bought 4 javelins for 32 gold pieces
  7144 | D:6      | Reached skill level 6 in Polearms
  7144 | D:6      | Gained mutation: You are partially covered in sharp spines.
                  | [demonic ancestry]
  7144 | D:6      | Reached XP level 8. HP: 26/56 MP: 13/13
  7326 | D:6      | Found a staircase to the Ecumenical Temple.
  7339 | Temple   | Entered the Ecumenical Temple
  7829 | D:6      | Reached skill level 5 in Dodging
  8197 | D:7      | Noticed Maggie
  8214 | D:7      | Killed from afar by Maggie

Illustrated notes

Levels and vault maps discovered:
D:1:      dpeg_arrival_water_fire, layout_basic
D:2:      layout_basic, serial_shops, shop, grunt_ministairs_4, uniq_terence
D:3:      layout_basic
D:4:      layout_basic, serial_shops, nicolae_diamond_shop,
          nicolae_shop_bloodbath_and_beyond, nicolae_shop_stone, shop
D:5:      layout_cave_pods
D:6:      layout_loops_corners, minmay_temple_entry_ruins, serial_bayou_pond_e
D:7:      layout_rooms, uniq_maggie
Temple:   mainiacjoe_temple_coin_purse

Skill      XL: |  1  2  3  4  5  6  7  8 |
---------------+-------------------------+-----
Polearms       | 3 4 5 6 |  6.5
Stealth        | 1 2 |  2.0
Dodging        | 3 4 5 |  5.0
Spellcasting   | 1 2 3 |  3.9
Evocations     | 1 2 |  2.0
Armour         | 2 |  2.0
Throwing       | 2 |  2.0
Fighting       | |  2.4

Action                   |  1- 3 |  4- 6 |  7- 9 || total
-------------------------+-------+-------+-------++-------
Melee: Trident           |   106 |   204 |   191 ||   501
       Punch             |       |     1 |     4 ||     5
Throw: Stone             |     7 |       |       ||     7
       Throwing net      |     2 |     1 |     2 ||     5
       Boomerang         |       |     9 |     3 ||    12
       Dart              |       |     1 |     4 ||     5
       Javelin           |       |       |     6 ||     6
  Use: Potion            |     5 |     2 |       ||     7
       Scroll            |     2 |     8 |     2 ||    12
 Stab: Sleeping          |     2 |       |       ||     2
       Held in net/web   |     2 |       |     3 ||     5
Armor: Leather armour    |    12 |       |       ||    12
       Ring mail         |    11 |       |       ||    11
       Chain mail        |       |   132 |    90 ||   222
Dodge: Dodged            |    64 |   142 |    93 ||   299

Table legend: (Time is in decaauts)
 A = Elapsed time spent in this place.
 B = Non-inter-level travel time spent in this place.
 C = Inter-level travel time spent in this place.
 D = Time resting spent in this place.
 E = Time spent auto-exploring this place.
 F = Levels seen in this place.
 G = Mean time per level.
                   A        B        C        D        E       F      G
               +--------+--------+--------+--------+--------+-----+--------+
         Total |   8262 |   7671 |    591 |   2215 |   4187 |   8 | 1032.8 |
       Dungeon |   8125 |   7560 |    565 |   2215 |   4091 |   7 | 1160.7 |
        Temple |    136 |    110 |     26 |      0 |     96 |   1 |  136.0 |
               +--------+--------+--------+--------+--------+-----+--------+

Top non-repeatable levels by time:
     D:5: 1847 daAuts
     D:1: 1502 daAuts
     D:6: 1484 daAuts
     D:4: 1242 daAuts
     D:2: 1240 daAuts
     D:3: 765 daAuts
  Temple: 136 daAuts
     D:7: 42 daAuts
